 Dungeon Crawl Stone Soup version 0.20.1-1-g8b1a95d (webtiles) character file.

15716 HessuHobo the Severer (level 12, -4/106 HPs)
             Began as a Minotaur Fighter on Oct 26, 2017.
             Was a Priest of Trog.
             Succumbed to a redback's poison
             ... on level 3 of the Lair of Beasts.
             The game lasted 00:34:30 (7380 turns).

HessuHobo the Severer (Minotaur Fighter)            Turns: 7380, Time: 00:34:31

Health: -4/106     AC: 19    Str: 27    XL:     12   Next: 3%
Magic:  11/11      EV:  7    Int:  7    God:    Trog [***...]
Gold:   434        SH: 10    Dex: 11    Spells: 11/11 levels left

rFire    . . .     SeeInvis .   a - +1 war axe
rCold    . . .     Gourm    .   c - +0 shield
rNeg     . . .     Faith    .   b - +0 scale mail
rPois    +         Spirit   .   (helmet restricted)
rElec    .         Reflect  .   B - +0 cloak {MR+}
rCorr    .         Harm     .   s - +2 pair of gloves
MR       +....     Rnd*Rage +   l - +2 pair of boots {Fly}
Stlth    +.........             e - amulet of regeneration
Regen    0.7/turn               H - ring of stealth
MPRegen  0.2/turn               x - ring of poison resistance

@: lethally poisoned (-4 -> -21), berserk cooldown, flying, slowed, very slow
A: retaliatory headbutt, horns 2, thin metallic scales 1, berserk 1, clever 1,
strong 1
a: Berserk, Trog's Hand, Burn Spellbooks, Renounce Religion, Stop Flying


You were on level 3 of the Lair of Beasts.
You worshipped Trog.
Trog was most pleased with you.
You were not hungry.

You visited 4 branches of the dungeon, and saw 14 of its levels.
You also visited: Sewer.

You collected 595 gold pieces.
You spent 161 gold pieces at shops.

Inventory:

Hand Weapons
 a - a +1 war axe (weapon)
Armour
 b - a +0 scale mail (worn)
 c - a +0 shield (worn)
 l - a +2 pair of boots of flying (worn)
 s - a +2 pair of gloves (worn)
 B - a +0 cloak of magic resistance (worn)
Jewellery
 e - an amulet of regeneration (around neck)
 f - an uncursed ring of ice
 j - an uncursed amulet of magic regeneration {unknown}
 u - an uncursed amulet of magic regeneration {unknown}
 x - a ring of poison resistance (right hand)
 y - an uncursed ring of see invisible {unknown}
 z - an uncursed amulet of the gourmand
 H - a ring of stealth (left hand)
Scrolls
 k - 7 scrolls of teleportation
 q - 2 scrolls of remove curse
 w - 4 scrolls of magic mapping
Potions
 h - 6 potions of magic
 o - 5 potions of curing
 F - 4 potions of heal wounds
Comestibles
 i - 10 fruits
 p - 6 meat rations


   Skills:
 + Level 10.2 Fighting
 * Level 18.0 Axes
 + Level 10.1 Armour
 - Level 3.6 Shields


You had 11 spell levels left.
You didn't know any spells.

Dungeon Overview and Level Annotations

Branches:
Dungeon (9/15)             Temple (1/1) D:6            Lair (3/6) D:9
 Spider (1/4) Lair:3
  Swamp: Lair:2-4    Shoals: Lair:2-4       Orc: D:9-12

Altars:
Ashenzari
Cheibriados
Dithmenos
Elyvilon
Fedhas
Gozag
Hepliaklqana
Kikubaaqudgha
Makhleb
Nemelex Xobeh
Okawaru
Qazlal
Ru
Sif Muna
Trog
Uskayaw
Vehumet
Xom
Yredelemnul
Zin
The Shining One

Shops:
D:5 }   D:6 [


Innate Abilities, Weirdness & Mutations

You reflexively headbutt those who attack you in melee.
You have a pair of horns on your head.
You are partially covered in thin metallic scales. (AC +2)
You tend to lose your temper in combat.
Your mind is acute. (Int +2)
Your muscles are strong. (Str +2)


Message History

The redback bites you but does no damage.
* * * LOW HITPOINT WARNING * * *
You feel very sick.
The redback bites you but does no damage.
The demonic crawler hits you.
* * * LOW HITPOINT WARNING * * *
You block the demonic crawler's attack.
The demonic crawler hits you but does no damage.
You block the demonic crawler's attack.
The demonic crawler hits you but does no damage. x2
There is a crawl-hole back to the Lair here.
* * * LOW HITPOINT WARNING * * *
You feel very sick. You block the redback's attack.
You block the demonic crawler's attack.
The demonic crawler hits you but does no damage.
The demonic crawler hits you.
* * * LOW HITPOINT WARNING * * *
The redback bites you but does no damage.
You fly upwards.
Welcome back to the Lair of Beasts!
You die...

.............#.
.......P.......
...............#
....#..≈≈≈.≈≈≈..#
......≈.≈≈.≈≈.≈.##
.......≈≈.≈.≈.≈≈...
.......≈≈≈...≈≈≈...
.............@.......
......##.≈≈≈.ss≈≈≈..#
.........≈≈.≈.≈.≈≈...
.....#...≈††≈)≈≈.≈...#
.....P....≈†≈.≈≈≈.....
......................
......................
..........####........#
..........# #........##


You could see a demonic crawler and a redback.

Vanquished Creatures
  Fannar (Lair:2)
  A hydra (Lair:1)
  A two-headed ogre (D:9)
  Pikel (D:7)
  The ghost of HessuHobo the Cleaver, a novice MiFi of Trog (D:6)
  Joseph (D:9)
  A black mamba (Lair:3)
  2 komodo dragons
  5 spiny frogs
  2 rime drakes (Lair:1)
  A jumping spider (Lair:3)
  A polar bear (Lair:2)
  Grinder (D:6)
  A hornet (Spider:1)
  A hippogriff (Lair:2)
  A tarantella (Spider:1)
  20 yaks
  A basilisk (Lair:1)
  Eustachio (D:4)
  A hungry ghost (D:9)
  2 wargs (D:9)
  5 water moccasins
  5 porcupines
  An ice beast (D:4)
  A phantom (D:9)
  2 slaves (D:7)
  2 black bears
  3 ogres
  A sky beast (D:5)
  2 orc warriors (D:9)
  5 wolves (Lair:3)
  3 centaurs
  2 crocodiles
  A big kobold (Sewer)
  9 bullfrogs
  2 scorpions (D:9)
  A wight (D:9)
  6 killer bees (D:8)
  A howler monkey (D:5)
  4 crimson imps
  7 orc priests
  A centaur skeleton (D:5)
  4 hounds
  A bullfrog skeleton (D:6)
  5 orc wizards
  5 iguanas
  6 worker ants
  A killer bee zombie (D:5)
  3 hound skeletons
  6 gnolls
  3 adders
  A shadow imp (D:5)
  2 oozes
  2 adder skeletons
  A worm (D:2)
  5 leopard geckos
  15 orcs
  4 bats
  6 giant cockroaches
  3 goblins
  4 hobgoblins (D:1)
  3 jackals (D:5)
  13 kobolds
  2 quokkas
  A ball python zombie (D:5)
  5 frilled lizards
  A leopard gecko skeleton (D:6)
  2 leopard gecko zombies
  A quokka skeleton (D:8)
  A quokka zombie (D:8)
  14 rats
231 creatures vanquished.

Notes
Turn   | Place    | Note
-------+----------+-------------------------------------------
     0 | D:1      | HessuHobo the Minotaur Fighter began the quest for the Orb.
     0 | D:1      | Reached XP level 1. HP: 19/19 MP: 0/0
    78 | D:1      | Reached XP level 2. HP: 23/27 MP: 1/1
   781 | D:2      | Reached XP level 3. HP: 33/33 MP: 2/2
   798 | D:2      | Reached skill level 3 in Axes
   885 | D:2      | Gained mutation: Your muscles are strong. (Str +2) [potion of mutation]
   885 | D:2      | Gained mutation: You tend to lose your temper in combat. [potion of mutation]
   885 | D:2      | Gained mutation: You are partially covered in thin metallic scales. (AC +2) [potion of mutation]
   885 | D:2      | Gained mutation: Your mind is acute. (Int +2) [potion of mutation]
  1174 | D:3      | Found a shadowy altar of Dithmenos.
  1193 | D:3      | Found a radiant altar of Vehumet.
  1296 | D:3      | Reached XP level 4. HP: 36/41 MP: 3/3
  1576 | D:4      | Noticed a black bear
  1584 | D:4      | Reached skill level 4 in Axes
  1597 | D:4      | Killed a black bear
  1597 | D:4      | Reached skill level 5 in Axes
  1597 | D:4      | Reached XP level 5. HP: 33/47 MP: 4/4
  1655 | D:4      | Noticed Eustachio
  1666 | D:4      | Killed Eustachio
  1666 | D:4      | Reached skill level 5 in Fighting
  1666 | D:4      | Reached skill level 6 in Axes
  1666 | D:4      | Reached skill level 5 in Armour
  1666 | D:4      | Reached XP level 6. HP: 31/56 MP: 5/5
  1732 | D:4      | Noticed an ice beast
  1744 | D:4      | Killed an ice beast
  1744 | D:4      | Reached skill level 7 in Axes
  1762 | D:4      | Found a glowing drain.
  1784 | Sewer    | Entered a sewer
  1849 | Sewer    | Reached XP level 7. HP: 54/61 MP: 6/6
  1870 | Sewer    | Found a white marble altar of Elyvilon.
  1990 | D:4      | Found a stormy altar of Qazlal.
  2115 | D:4      | Reached skill level 8 in Axes
  2233 | D:5      | Entered Level 5 of the Dungeon
  2314 | D:5      | Reached skill level 9 in Axes
  2346 | D:5      | Found an ancient bone altar of Kikubaaqudgha.
  2481 | D:5      | Reached XP level 8. HP: 62/69 MP: 7/7
  2500 | D:5      | Found a basalt altar of Yredelemnul.
  2503 | D:5      | Found a blossoming altar of Fedhas.
  2587 | D:5      | Found Sofud's Gadget Emporium.
  2692 | D:6      | Noticed Grinder
  2698 | D:6      | Paralysed by Grinder for 3 turns
  2714 | D:6      | Killed Grinder
  2714 | D:6      | Reached skill level 10 in Axes
  2744 | D:6      | Found Bocoanti's Armour Emporium.
  2762 | D:6      | Bought a +0 pair of boots of flying for 161 gold pieces
  2931 | D:6      | Noticed HessuHobo's ghost (novice MiFi)
  2956 | D:6      | Reached skill level 11 in Axes
  2962 | D:6      | Killed HessuHobo's ghost
  2962 | D:6      | Reached XP level 9. HP: 55/75 MP: 8/8
  2997 | D:6      | Found a hazy altar of Hepliaklqana.
  3200 | D:6      | Found a staircase to the Ecumenical Temple.
  3208 | Temple   | Entered the Ecumenical Temple
  3286 | Temple   | Became a worshipper of Trog the Wrathful
  3571 | D:7      | Noticed Pikel
  3605 | D:7      | Killed Pikel
  3605 | D:7      | Reached skill level 12 in Axes
  4205 | D:8      | Reached skill level 13 in Axes
  4264 | D:8      | Reached * piety under Trog
  4879 | D:9      | Noticed a two-headed ogre
  4886 | D:9      | Killed a two-headed ogre
  4886 | D:9      | Reached skill level 14 in Axes
  4886 | D:9      | Reached XP level 10. HP: 86/86 MP: 9/9
  4930 | D:9      | Found a staircase to the Lair.
  5016 | D:9      | Found a sparkling altar of Nemelex Xobeh.
  5068 | D:9      | Reached ** piety under Trog
  5128 | D:9      | Noticed Joseph
  5145 | D:9      | Killed Joseph
  5234 | D:9      | Reached skill level 15 in Axes
  5354 | D:9      | Found an opulent altar of Gozag.
  5355 | D:9      | Found a hide-covered altar of Uskayaw.
  5590 | Lair:1   | Entered Level 1 of the Lair of Beasts
  5625 | Lair:1   | Noticed a four-headed hydra
  5642 | Lair:1   | Killed a six-headed hydra
  5642 | Lair:1   | Reached skill level 16 in Axes
  5785 | Lair:1   | Reached XP level 11. HP: 95/95 MP: 10/10
  6443 | Lair:2   | Reached *** piety under Trog
  6470 | Lair:2   | Reached skill level 17 in Axes
  6667 | Lair:2   | Noticed Fannar
  6689 | Lair:2   | Killed Fannar
  7189 | Lair:3   | Reached skill level 10 in Fighting
  7327 | Lair:3   | Found a hole to the Spider Nest.
  7333 | Lair:3   | Reached skill level 10 in Armour
  7351 | Lair:3   | Reached XP level 12. HP: 106/106 MP: 11/11
  7357 | Spider:1 | Entered Level 1 of the Spider Nest
  7369 | Spider:1 | Reached skill level 18 in Axes
  7379 | Spider:1 | HP: 5/106 [poisoned by a redback]
  7379 | Spider:1 | HP: 1/106 [demonic crawler (4)]
  7380 | Lair:3   | Succumbed to a redback's poison

Skill      XL: |  1  2  3  4  5  6  7  8  9 10 11 12 |
---------------+-------------------------------------+-----
Armour         | 4 5 6 7 8 10 | 10.1
Fighting       | 4 5 6 7 8 10 | 10.2
Axes           | 3 5 6 7 9 11 14 16 17 18 | 18.0
Shields        | |  3.6

Action                   |  1- 3 |  4- 6 |  7- 9 | 10-12 || total
-------------------------+-------+-------+-------+-------++-------
Melee: War axe           |    91 |    62 |   280 |   311 ||   744
       Headbutt          |    10 |    13 |    51 |    66 ||   140
Invok: Berserk           |       |       |     1 |     8 ||     9
       Burn Spellbooks   |       |       |       |     2 ||     2
  Use: Potion            |     5 |     2 |    10 |     4 ||    21
       Scroll            |     4 |     1 |    10 |     8 ||    23
  Eat: Chunk             |     1 |     1 |       |     1 ||     3
       Bread ration      |       |     2 |     1 |     2 ||     5
       Meat ration       |       |       |       |     1 ||     1
       Fruit             |       |       |       |     1 ||     1
Armor: Scale mail        |    39 |    40 |   132 |   137 ||   348
Dodge: Dodged            |    32 |    24 |    82 |    62 ||   200
Block: Shield            |    47 |    42 |   125 |   128 ||   342
